 Dungeon Crawl Stone Soup version 0.31.0-9-g3a7656b989 (webtiles) character file.

Game seed: 14670202988260420632

21 qw the Shooter (level 2, 0/16 HPs)
             Began as a Deep Elf Hunter on Feb 2, 2024.
             Killed from afar by Terence (10 damage)
             ... with a puff of flame
             ... on level 2 of the Dungeon.
             The game lasted 00:00:02 (897 turns).

qw the Shooter (Deep Elf Hunter)                     Turns: 897, Time: 00:00:03

Health: 0/16       AC:  5    Str:  8    XL:     2   Next: 65%
Magic:  4/4        EV: 10    Int: 13    God:
Gold:   6          SH:  0    Dex: 18    Spells: 1/1 levels left

rFire   . . .        a - +0 shortbow
rCold   . . .        (shield currently unavailable)
rNeg    . . .        e - +0 ring mail
rPois   .            (no helmet)
rElec   .            (no cloak)
rCorr   .            (no gloves)
SInv    .            (no boots)
Will    .....        (no amulet)
Stlth   +            (no ring)
HPRegen 0.22/turn    (no ring)
MPRegen 0.09/turn

%: no passive effects
@: no status effects
A: no striking features
a: no special abilities


You were on level 2 of the Dungeon.
You visited 1 branch of the dungeon, and saw 2 of its levels.

You collected 6 gold pieces.


   Skills:
 - Level 1.5 Fighting
 + Level 6.4 Ranged Weapons
 - Level 2.4 Dodging
 - Level 1.2 Stealth


You had one spell level left.
You didn't know any spells.
Your spell library was empty.

Inventory:

Hand Weapons
 a - a +0 shortbow (weapon)
Armour
 e - a +0 ring mail (worn)
Potions
 d - a potion of haste {unknown}
 f - a potion of curing

Dungeon Overview and Level Annotations

Branches:
Dungeon (2/15)

Altars:

Annotations:
D:2 Robin, Terence


Message History

You continue putting on your +0 ring mail. x5
You finish putting on your +0 ring mail.
843 ||| DROPPING +0 leather armour.
You drop a +0 leather armour.
Done exploring.
844 ||| DRINKING 2 pink potions.
It was a potion of curing.
You feel better.
Done exploring.
845 ||| DROPPING scroll of butterflies.
You drop a scroll of butterflies.
Done exploring.
What level of the Dungeon? (default 1, ? - help)
There is an open door here.
There is an open door here.
You see here a +0 club.
You see here a +0 robe.
There is a stone staircase leading down here.
You climb downwards.
The hobgoblin shouts!
The goblin shouts! x3; You hear a shout! x2
You hear a bark!
You hear a shout!
The goblin shouts!
Found a scroll labelled UHUSCH ZUQURY, two leather armours and 26 gold pieces.
Found an escape hatch in the floor.
There is a stone staircase leading up here.
There are monsters nearby!
Waypoint 1 assigned to D:2.
893 ||| RETREEEEATING.
A goblin comes into view. It is wielding a +0 dagger.
Found a hand axe.
You hear a bark!
Robin throws the goblin at you! The goblin hits you but does no damage.
Terence the Incautious comes into view.
He is wielding a +0 mace and carrying a wand of flame.
You see here a scroll labelled UHUSCH ZUQURY.
894 ||| RETREEEEATING.
Found a small coral ring.
895 ||| RETREEEEATING.
Terence zaps a wand.
The puff of flame hits you but does no damage.
896 ||| RETREEEEATING.
Terence zaps a wand.
The puff of flame hits you.
Robin laughs in a distinctly smug fashion.
897 ||| RETREEEEATING.
Terence zaps a wand.
The puff of flame hits you!
Ouch! That really hurt!
You die...
Terence says, "Rest in peace."

#### .... .....
..=# ..... ....
...... ....
###...... #..
#........ #..
##@#......
#..##.g.......
##.....g#......
#....gg........
#...g.g........
.)@.....g<.......
....##...g.......
.... ##..........
... [$g.##.#....


You could see Terence, a hobgoblin and 7 goblins.

Vanquished Creatures
  A dart slug (D:1)
  A bat (D:1)
  2 endoplasms (D:1)
  2 goblins (D:1)
  3 hobgoblins (D:1)
  3 ball pythons (D:1)
  3 frilled lizards (D:1)
  2 kobolds (D:1)
  2 rats (D:1)
  A spectral goblin (D:1)
20 creatures vanquished.

Notes
Turn   | Place    | Note
-------+----------+-------------------------------------------
     0 | D:1      | qw the Deep Elf Hunter began the quest for the Orb.
     0 | D:1      | Reached XP level 1. HP: 12/12 MP: 3/3
     0 | D:1      | 0 ||| qw: Version: 0.3-a-155-g5e7d8dd
     0 | D:1      | 0 ||| qw: Game counter: 797
     0 | D:1      | 0 ||| qw: Melee chars always use a shield: true
     0 | D:1      | 0 ||| qw: God list: Okawaru
     0 | D:1      | 0 ||| qw: Allow faded altars: false
     0 | D:1      | 0 ||| qw: Do Orc after clearing Dungeon:15 true
     0 | D:1      | 0 ||| qw: Do second Lair branch before Depths: true
     0 | D:1      | 0 ||| qw: Lair rune preference: random
     0 | D:1      | 0 ||| qw: Goals: Normal
     0 | D:1      | 0 ||| PLANNING D:1-11
   161 | D:1      | Reached skill level 6 in Ranged Weapons
   161 | D:1      | Reached XP level 2. HP: 16/16 MP: 4/4
   645 | D:1      | Found a faded altar of an unknown god.
   833 | D:1      | 833 ||| UPGRADING to +0 ring mail.
   843 | D:1      | 843 ||| DROPPING +0 leather armour.
   844 | D:1      | 844 ||| DRINKING 2 pink potions.
   845 | D:1      | 845 ||| DROPPING scroll of butterflies.
   892 | D:2      | Noticed Robin
   893 | D:2      | 893 ||| RETREEEEATING.
   893 | D:2      | Noticed Terence
   894 | D:2      | 894 ||| RETREEEEATING.
   895 | D:2      | 895 ||| RETREEEEATING.
   896 | D:2      | 896 ||| RETREEEEATING.
   897 | D:2      | 897 ||| RETREEEEATING.
   897 | D:2      | Killed from afar by Terence

Levels and vault maps discovered:
D:1:      minmay_arrival_split_and_join, layout_loops_ring,
          dreamdust_ecumenical_altar_drowned_temple, minmay_close_crescents
D:2:      layout_rooms, uniq_terence, uniq_jessica, uniq_robin

Skill      XL: |  1 |
---------------+----+-----
Ranged Weapons | 6 |  6.4
Fighting       | |  1.5
Dodging        | |  2.4
Stealth        | |  1.2

Action                     || total
---------------------------++-------
   Fire: Shortbow          ||    62
    Use: Potion            ||     1
 Armour: Leather armour    ||    12
         Ring mail         ||     5
  Dodge: Dodged            ||    14

Table legend:
 A = Non-vault XP
 B = Vault XP
 C = Vault XP percentage of total XP
 D = Non-vault monster count
 E = Vault monster count
 F = Vault count percentage of total count
                 A         B        C        D         E       F
            +---------+---------+-------+---------+---------+-------
      Total |      19 |      12 |  38.7 |      14 |       6 |  30.0
            +---------+---------+-------+---------+---------+-------
        D:1 |      19 |      12 |  38.7 |      14 |       6 |  30.0
            +---------+---------+-------+---------+---------+-------
